 Dungeon Crawl Stone Soup version 0.20.1-1-g8b1a95d (webtiles) character file.

62 letownia2 the Grave Robber (level 3, -3/28 HPs)
             Began as a Deep Dwarf Necromancer on Nov 3, 2017.
             Killed from afar by an orc wizard (11 damage)
             ... with a puff of flame
             ... on level 4 of the Dungeon.
             The game lasted 00:02:37 (1019 turns).

letownia2 the Grave Robber (Deep Dwarf Necromancer) Turns: 1019, Time: 00:02:38

Health: -3/28      AC:  6    Str: 15    XL:     3   Next: 85%
Magic:  1/6        EV: 11    Int: 16    God:
Gold:   60         SH:  0    Dex: 13    Spells: 2/6 levels left

rFire    . . .     SeeInvis .   d - +0 dagger
rCold    . . .     Gourm    .   (no shield)
rNeg     . . .     Faith    .   m - +0 ring mail (curse)
rPois    .         Spirit   .   (no helmet)
rElec    .         Reflect  .   g - +0 cloak
rCorr    .         Harm     .   (no gloves)
MR       .....                  (no boots)
Stlth    +.........             (no amulet)
Regen    0.0/turn               e - +4 ring of strength
MPRegen  0.1/turn               (no ring)

@: very slightly contaminated, non-regenerating
A: damage resistance, heal wounds, sense surroundings 1, no regeneration
a: Heal Wounds


You were on level 4 of the Dungeon.
You were not hungry.

You visited 1 branch of the dungeon, and saw 4 of its levels.

You collected 60 gold pieces.

Inventory:

Hand Weapons
 d - a +0 dagger (weapon)
Armour
 a - a +0 robe
 g - a +0 cloak (worn)
 m - a cursed +0 ring mail (worn)
Jewellery
 e - a +4 ring of strength (left hand)
Scrolls
 i - 4 scrolls of identify {unknown}
 j - a scroll of noise {unknown}
 k - a scroll of remove curse {unknown}
Potions
 h - a potion of resistance {unknown}
Books
 b - a book of Necromancy

   Spells                             Type                      Level
   a - Pain                           Necromancy                   1
   b - Animate Skeleton               Necromancy                   1
   c - Vampiric Draining              Necromancy                   3
   d - Regeneration                   Charms/Necromancy            3
   e - Animate Dead                   Necromancy                   4
   f - Control Undead                 Necromancy                   4
Comestibles
 c - a bread ration
 f - a royal jelly
 l - a chunk of flesh


   Skills:
 - Level 2.1 Dodging
 - Level 2.4 Stealth
 - Level 2.0 Spellcasting
 + Level 5.9 Necromancy


You had 2 spell levels left.
You knew the following spells:

 Your Spells              Type           Power        Failure   Level  Hunger
a - Pain                  Necr           ###.         3%          1    #......
v - Vampiric Draining     Necr           ###.......   11%         3    ###....


Dungeon Overview and Level Annotations

Branches:
Dungeon (4/15)
 Temple: D:4-7

Altars:

Annotations:
D:1 WIERD SHIT


Innate Abilities, Weirdness & Mutations

You are resistant to damage.
You can heal yourself by infusing magical energy.
You passively map a small area around you.
You do not regenerate.


Message History

An orc comes into view. It is wielding a morningstar.
Casting: Vampiric Draining
Confirm with . or Enter, or press ? or * to list all spells.
Aiming: Vampiric Draining
Press: ? - help, Shift-Dir - straight line, f/p - orc
Aim: an orc, wielding a club You miscast Vampiric Draining.
The world around you seems to dim momentarily.
The orc shouts!
You see here 15 gold pieces.
You now have 60 gold pieces (gained 15).
The orc hits you with a club.
* * * LOW HITPOINT WARNING * * *
There is an open door here.
An orc wizard comes into view. It is wielding a dagger.
The orc wizard moves out of view.
The orc wizard shouts!
The orc wizard points at you and mumbles some strange words.
The puff of flame hits you!
You die...

**#.., * #.........##รท....# #.
#.# ##'###...........######. #
#.#######o###...............##.
#.#..............................
#.#.#######.###o.###.......o###..
....#######.###..####.....#.###..
#.#.#.....#........o.............
..........'.....o...#..#.##.###..
....#.....#.###.@#............>..
....###'###.# ##.#..#..#.######..
....# #.# #.# #.......#.........
....# #.# #.# ###..########.....
....# #.# #.# ##<# ###.##.. #...#
#.# #.#######.######....... #...#
#.# #.............###.###.# *
#.###.###.#.#.###.........# , ,,
,............#.##...........


You could see an orc wizard and 2 orcs.

Vanquished Creatures
  Natasha (twice) (D:4)
  A dart slug (D:1)
  A leopard gecko (D:4)
  2 goblins (D:1)
  A hobgoblin (D:3)
  2 bats (D:2)
  A frilled lizard (D:4)
  A kobold (D:1)
11 creatures vanquished.

Notes
Turn   | Place    | Note
-------+----------+-------------------------------------------
     0 | D:1      | letownia2 the Deep Dwarf Necromancer began the quest for the Orb.
     0 | D:1      | Reached XP level 1. HP: 15/15 MP: 3/3
   495 | D:3      | Reached XP level 2. HP: 14/22 MP: 1/5
   555 | D:4      | Noticed Natasha
   560 | D:4      | Killed Natasha
   560 | D:4      | Reached skill level 5 in Necromancy
   560 | D:4      | Reached XP level 3. HP: 12/28 MP: 2/6
   565 | D:4      | Learned a level 3 spell: Vampiric Draining
   631 | D:4      | Noticed Natasha
   871 | D:4      | Noticed a scorpion
   935 | D:4      | Killed Natasha
  1019 | D:4      | Killed from afar by an orc wizard

Skill      XL: |  1  2 |
---------------+-------+-----
Spellcasting   | 2 |  2.0
Necromancy     | 5 |  5.9
Dodging        | |  2.1
Stealth        | |  2.4

Action                   || total
-------------------------++-------
Melee: Dagger            ||     5
 Cast: Pain              ||    25
       Vampiric Draining ||     2
 Stab: Sleeping          ||     1
  Eat: Chunk             ||     1
Armor: Robe              ||    19
       Ring mail         ||     3
Dodge: Dodged            ||    46
